 Dungeon Sprint DCSS version 0.26.1-11-gd32895ea62 (webtiles) character file.

Game seed: 3035457796798279318

128 Zeld the Holy Warrior (level 5, -1/41 HPs)
             Began as a Human Monk on June 13, 2021.
             Was a Priest of the Shining One.
             Killed from afar by an ice dragon (42 damage)
             ... with a blast of cold
             ... in the Dungeon (Sprint V: "Ziggurat Sprint").
             The game lasted 00:01:48 (194 turns).

Zeld the Holy Warrior (Human Monk)                   Turns: 194, Time: 00:01:48

Health: -1/41      AC: 19    Str: 24    XL:     5   Next: 34%
Magic:  10/10      EV:  1    Int: 10    God:    the Shining One [***...]
Gold:   0          SH: 19    Dex: 16    Spells: 4/4 levels left

rFire    . . .     SeeInvis .   a - +7 Screaming Sword {vorpal, sonic wave}
rCold    . . .     Faith    .   i - +3 tower shield
rNeg     + . .     Spirit   .   h - +5 crystal plate armour
rPois    .         Reflect  .   (no helmet)
rElec    .         Harm     .   (no cloak)
rCorr    .         Rampage  .   (no gloves)
Will     .....     NoTele   +   (no boots)
Stlth    ..........             (no amulet)
HPRegen  0.13/turn              j - +6 ring of strength
MPRegen  0.12/turn              k - +6 ring of strength

@: glowing
A: no striking features
a: Renounce Religion, Divine Shield


You were in the Dungeon.
You worshipped the Shining One.
The Shining One was most pleased with you.
You visited 1 branch

Inventory:

Hand Weapons
 a - the +7 Screaming Sword (weapon) {vorpal, sonic wave}
   (You found it in the Dungeon)

   It inflicts extra damage upon your enemies.
 l - a +5 double sword
Armour
 h - a +5 crystal plate armour (worn)
 i - a +3 tower shield (worn)
Jewellery
 j - a +6 ring of strength (left hand)
 k - a +6 ring of strength (right hand)
Wands
 m - a wand of disintegration (7)
 n - a wand of iceblast (7)
 o - a wand of acid (7)
Scrolls
 g - 4 scrolls of blinking
 u - 4 scrolls of amnesia
 v - 7 scrolls of fog
 w - a scroll of holy word
 x - 5 scrolls of identify
 y - 5 scrolls of remove curse
 z - 2 scrolls of fear
Potions
 b - 10 potions of curing
 c - 10 potions of heal wounds
 d - 6 potions of haste
 e - 7 potions of magic
 f - 3 potions of berserk rage
 p - 2 potions of brilliance
 r - 4 potions of resistance
 t - 5 potions of might
Miscellaneous
 A - a lightning rod (4/4)


   Skills:
 - Level 3.0 Fighting
 * Level 6.1 Long Blades
 - Level 3.0 Dodging
 - Level 2.0 Stealth
 * Level 6.2 Shields
 - Level 3.0 Unarmed Combat
 * Level 6.8 Invocations


You had 4 spell levels left.
You didn't know any spells.
Your spell library was empty.

Dungeon Overview and Level Annotations

Branches:
Dungeon (1/1)

Altars:
Ashenzari
Cheibriados
Dithmenos
Elyvilon
Fedhas
Gozag
Hepliaklqana
Kikubaaqudgha
Makhleb
Nemelex Xobeh
Okawaru
Qazlal
Ru
Sif Muna
Trog
Uskayaw
Vehumet
Wu Jian
Xom
Yredelemnul
Zin
The Shining One
Beogh
Jiyva
Lugonu

Annotations:
D 1 transporter


Message History

You feel agile.
You have reached level 5!
Things that are here:
a +0 spear; a +0 robe You see here a +2 lajatang of speed.
You see here the ring "Situl" {+Fly rElec Slay+2}.
You start resting.
Magic restored.
There is a transporter here.
Welcome to arena 2.
You enter the transporter and appear at another place.
An ice dragon, a slime creature and a vault warden come into view.
The slime creature quivers.
The ice dragon roars deafeningly!
The vault warden shouts!
Found three items.
Found a transporter.
Unknown command.
The ice dragon breathes frost at you. The blast of cold hits you!!!
Ouch! That really hurt!
You die...

▓▓▓▓▓▓▓▓▓▓▓▓▓
▓.8©8.▓.8©8.▓
▓.))=.▓.....▓
▓.....▓.).=.▓
▓.JDp.▓..)..▓
▓.....▓.....▓
▓..@..▓..©..▓
▓..©..▓▓▓▓▓▓▓
▓▓▓▓▓▓▓


You could see an ice dragon (catching breath), a vault warden and a slime
creature.

Vanquished Creatures
  A phantom (D)
  A wight (D)
2 creatures vanquished.

Notes
Turn   | Place    | Note
-------+----------+-------------------------------------------
     0 | D        | Zeld the Human Monk began the quest for the Orb.
     0 | D        | Reached XP level 1. HP: 18/18 MP: 1/1
     3 | D        | Found a blossoming altar of Fedhas.
     4 | D        | Found the +6 Majin-Bo {vamp, MP+6 Int+6}
     4 | D        | Found the +9 heavy crossbow "Sniper" {vorpal, Acc+∞ SInv}
     4 | D        | Found the +10 dark maul {vorpal}
     4 | D        | Found the +15 Maxwell's patent armour {-Cast -Tele rElec
                  | Will+ rCorr}
     4 | D        | Found the +18 shield of the Gong {rElec rN+ Will+ EV-5}
     4 | D        | Found the cursed +14 obsidian axe {vorpal, +Fly SInv
                  | *Curse}
     4 | D        | Found the +7 great mace "Firestarter" {inner flame, rF++}
     4 | D        | Found the +6 shillelagh "Devastator" {shatter}
     4 | D        | Found the +11 plutonium sword {*Contam Stlth-}
     4 | D        | Found the +8 lance "Wyrmbane" {slay drac, rPois rF+ rC+
                  | AC+3}
     4 | D        | Found the +9 sword of Zonguldrok {reap}
     4 | D        | Found the cursed +13 scythe of Curses {drain, *Curse}
     4 | D        | Found the +5 sword of Power {vorpal}
     4 | D        | Found the +7 mace of Variability {chain chaos}
     4 | D        | Found the +7 Singing Sword {vorpal, sonic wave}
     4 | D        | Found the +8 storm bow {elec, penet}
     5 | D        | Found a viscous altar of Jiyva.
     5 | D        | Found a hazy altar of Hepliaklqana.
     5 | D        | Found a transporter.
     5 | D        | Found an opulent altar of Gozag.
     5 | D        | Found an ancient bone altar of Kikubaaqudgha.
     5 | D        | Found a corrupted altar of Lugonu.
    11 | D        | Banished a spatial maelstrom
    46 | D        | Found a burning altar of Makhleb.
    48 | D        | Found a stormy altar of Qazlal.
    48 | D        | Found a sacrificial altar of Ru.
    48 | D        | Found an iron altar of Okawaru.
    48 | D        | Found a shimmering blue altar of Sif Muna.
    48 | D        | Found a sparkling altar of Nemelex Xobeh.
    48 | D        | Found a bloodstained altar of Trog.
    94 | D        | Became a worshipper of the Shining One
    94 | D        | Reached * piety under the Shining One
    94 | D        | Reached ** piety under the Shining One
    97 | D        | Reached XP level 2. HP: 24/24 MP: 1/5
   154 | D        | Entered arena 2.
   154 | D        | Noticed a phantom
   154 | D        | Noticed a wight
   154 | D        | Found a transporter.
   156 | D        | Killed a phantom
   156 | D        | Reached *** piety under the Shining One
   156 | D        | Killed a wight
   157 | D        | Reached XP level 3. HP: 29/29 MP: 5/7
   157 | D        | Reached XP level 4. HP: 35/35 MP: 6/9
   157 | D        | Reached XP level 5. HP: 41/41 MP: 6/10
   193 | D        | Entered arena 3.
   193 | D        | Noticed a slime creature
   193 | D        | Noticed an ice dragon
   193 | D        | Noticed a vault warden
   193 | D        | Found a transporter.
   194 | D        | Killed from afar by an ice dragon

Illustrated notes

Levels and vault maps discovered:
D:        sprint_v [room_start, room_1, room_2, room_3, room_4, room_5, room_6,
          room_7, room_8, room_9, room_10, room_11, room_12, room_13, room_14,
          room_15, room_16, room_17, room_18, room_19, room_20, room_21,
          room_22, room_23, room_24, room_25, room_26, room_27]

Skill      XL: |  1  2 |
---------------+-------+-----
Long Blades    | 4 6 |  6.1
Shields        | 4 6 |  6.2
Invocations    | 4 6 |  6.8
Fighting       | |  3.0
Dodging        | |  3.0
Stealth        | |  2.0
Unarmed Combat | |  3.0

Action                   |  1- 3 |  4- 6 || total
-------------------------+-------+-------++-------
Melee: Double sword      |     2 |       ||     2
  Use: Potion            |     1 |       ||     1
Armor: Crystal plate arm |     1 |       ||     1
Block: Tower shield      |     1 |       ||     1
